 Dungeon Crawl Stone Soup version 0.30-a0-778-g2ef04afb54 (webtiles) character file.

Game seed: 9927286455374191872

49 scionoferis the Ducker (level 3, -2/28 HPs)
             Began as a Demigod Hexslinger on Feb 16, 2023.
             Slain by an iguana (13 damage)
             ... on level 2 of the Dungeon.
             The game lasted 00:02:14 (774 turns).

scionoferis the Ducker (Demigod Hexslinger)          Turns: 774, Time: 00:02:15

Health: -2/28      AC:  2    Str: 11    XL:     3   Next: 33%
Magic:  6/6        EV: 13    Int: 15    God:
Gold:   35         SH:  0    Dex: 18    Spells: 3/4 levels left

rFire   . . .      SeeInvis .    j - +0 short sword
rCold   . . .      Faith    .    (no shield)
rNeg    . . .      Spirit   .    c - +0 robe
rPois   .          Reflect  .    (no helmet)
rElec   .          Harm     .    (no cloak)
rCorr   .          Rampage  .    (no gloves)
Will    .....                    (no boots)
Stlth   ++                       (no amulet)
HPRegen 0.24/turn                (no ring)
MPRegen 0.10/turn                (no ring)

@: no status effects
A: high MP 1, forlorn, divine attributes
a: no special abilities


You were on level 2 of the Dungeon.
You visited 1 branch of the dungeon, and saw 2 of its levels.

You collected 35 gold pieces.


Innate Abilities, Weirdness & Mutations

You have an increased reservoir of magic. (+10% MP)
You shall have no god before yourself.
Your divine heritage dramatically boosts your attributes as you level up.


   Skills:
 + Level 1.6 Fighting
 * Level 0.3 Long Blades
 - Level 1.7 Ranged Weapons
 * Level 2.8 Dodging
 + Level 1.2 Stealth
 - Level 1.0 Spellcasting
 - Level 2.6 Hexes


You had 3 spell levels left.
You knew the following spells:

 Your Spells              Type           Power      Damage    Failure   Level
a - Slow                  Hex            32%        N/A       9%          1

Your spell library contained the following spells:

 Spells                   Type           Power      Damage    Failure   Level
 Shock                    Conj/Air       0%         1d3       24%         1
 Inner Flame              Hex/Fire       4%         N/A       38%         3
 Portal Projectile        Hex/Tloc       8%         N/A       38%         3
 Swiftness                Air            0%         N/A       58%         3
 Cause Fear               Hex            4%         N/A       63%         4
 Airstrike                Air            0%         2d(0-16)  94%         4
 Discord                  Hex            4%         N/A       100%        8

Inventory:

Hand Weapons
 a - a +1 sling
 h - a +0 dagger
   (You took it off a goblin on level 1 of the Dungeon)
 j - a +0 short sword (weapon)
   (You took it off a kobold on level 1 of the Dungeon)
Armour
 c - a +0 robe (worn)
Jewellery
 i - a ring of ice
   (You found it on level 1 of the Dungeon)
Scrolls
 b - a scroll of poison
 f - a scroll of noise
 g - a scroll of identify
Potions
 d - a potion of mutation {unknown}
 e - a potion of heal wounds

Dungeon Overview and Level Annotations

Branches:
Dungeon (2/15)

##### # #
#...#
....#g###...#
#..Jr@l<..#
##$.g##...#
#.#. ###.# #
## .# . .. #.
.#


You could see an iguana, an endoplasm, 2 goblins and a rat.


Message History

Welcome, scionoferis the Demigod Hexslinger.
A smirking vizier told you that the Orb of Zot is just within this dungeon.
Press ? for a list of commands and other information.
Found a staircase leading out of the dungeon.
Found a stone staircase leading down.
A bat comes into view.
You shoot a sling bullet. The sling bullet hits the bat.
The bat is severely wounded.
You shoot a sling bullet. The sling bullet barely misses the bat.
The bat hits you but does no damage.
You shoot a sling bullet.
The sling bullet closely misses the bat.
The bat hits you but does no damage.
You shoot a sling bullet. The sling bullet misses the bat.
The bat closely misses you.
You shoot a sling bullet. The sling bullet hits the bat.
You kill the bat!
No target in view!
No target in view!
A ball python comes into view.
You shoot a sling bullet.
The sling bullet hits the ball python but does no damage.
The ball python hisses angrily.
A ball python comes into view.
You shoot a sling bullet.
The sling bullet closely misses the ball python.
The ball python hisses angrily.
You shoot a sling bullet.
The sling bullet closely misses the ball python.
You shoot a sling bullet. The sling bullet hits the ball python.
The ball python is severely wounded.
The ball python closely misses you. The ball python misses you.
You shoot a sling bullet. The sling bullet hits the ball python.
You kill the ball python!
You shoot a sling bullet. The sling bullet hits the ball python.
The ball python is heavily wounded.
The ball python closely misses you. x3; The ball python completely misses you.
You shoot a sling bullet.
The sling bullet completely misses the ball python.
The ball python bites you but does no damage.
The ball python grabs you. The ball python constricts you.
You shoot a sling bullet.
The sling bullet closely misses the ball python.
The ball python barely misses you. The ball python constricts you.
The ball python bites you. The ball python constricts you.
You shoot a sling bullet.
The sling bullet barely misses the ball python.
The ball python closely misses you. The ball python constricts you.
You shoot a sling bullet. The sling bullet hits the ball python.
You kill the ball python!
Your Fighting skill increases to level 1!
No target in view!
No target in view!
No target in view!
HP restored.
Found a flail.
A dart slug comes into view.
You shoot a sling bullet. The sling bullet hits the dart slug.
The dart slug is heavily wounded.
The dart slug launches a dart at you. The slug dart misses you.
You shoot a sling bullet. The sling bullet hits the dart slug.
The dart slug is severely wounded.
The dart slug launches a dart at you. The slug dart misses you.
You shoot a sling bullet. The sling bullet hits the dart slug.
You kill the dart slug!
Your Dodging skill increases to level 2!
No target in view!
d - a bubbling clear potion
Found a spear.
A quokka comes into view.
You shoot a sling bullet. The sling bullet hits the quokka.
The quokka is moderately wounded.
A giant cockroach comes into view.
You shoot a sling bullet. The sling bullet hits the quokka.
The quokka is almost dead.
The quokka barely misses you. The quokka closely misses you.
You shoot a sling bullet.
The sling bullet completely misses the quokka.
The sling bullet closely misses the giant cockroach.
The quokka bites you.
You shoot a sling bullet.
The sling bullet closely misses the quokka.
The sling bullet hits the giant cockroach but does no damage.
The quokka bites you. The quokka closely misses you.
You shoot a sling bullet. The sling bullet hits the quokka!
You kill the quokka!
The giant cockroach bites you but does no damage.
You shoot a sling bullet.
The sling bullet completely misses the giant cockroach.
The giant cockroach bites you but does no damage.
You shoot a sling bullet.
The sling bullet hits the giant cockroach but does no damage.
The giant cockroach misses you. The giant cockroach bites you.
You shoot a sling bullet.
The sling bullet hits the giant cockroach.
The giant cockroach is severely wounded.
The giant cockroach bites you.
You shoot a sling bullet.
The sling bullet barely misses the giant cockroach.
The giant cockroach closely misses you. The giant cockroach barely misses you.
You shoot a sling bullet.
The sling bullet barely misses the giant cockroach.
The giant cockroach bites you but does no damage.
The giant cockroach closely misses you.
You shoot a sling bullet.
The sling bullet barely misses the giant cockroach.
The giant cockroach misses you.
You shoot a sling bullet.
The sling bullet closely misses the giant cockroach.
The giant cockroach bites you but does no damage. x2
You shoot a sling bullet.
The sling bullet hits the giant cockroach.
The giant cockroach is almost dead.
The giant cockroach closely misses you.
You shoot a sling bullet.
The sling bullet barely misses the giant cockroach.
The giant cockroach bites you. The giant cockroach misses you.
You shoot a sling bullet.
The sling bullet barely misses the giant cockroach.
The giant cockroach bites you but does no damage.
You shoot a sling bullet.
The sling bullet closely misses the giant cockroach.
The giant cockroach bites you. x2
You shoot a sling bullet.
The sling bullet hits the giant cockroach!
You kill the giant cockroach!
No target in view!
You see here a quokka corpse.
Found 4 stones.
e - 2 smoky purple potions
f - a scroll labelled ABO PUHECIROI
g - a scroll labelled FEPOCIMIRE You open the door.
There is an open door here.
A frilled lizard comes into view.
You shoot a sling bullet.
The sling bullet hits the frilled lizard.
You kill the frilled lizard!
No target in view!
No target in view!
No target in view!
You see here a frilled lizard corpse.
A kobold comes into view. It is wielding a +0 whip.
Found a book of Hexes.
The kobold shouts!
The kobold throws a stone.
The stone barely misses you.
You shoot a sling bullet.
The sling bullet barely misses the kobold.
The kobold throws a stone.
The stone hits you but does no damage.
You shoot a sling bullet. The sling bullet hits the kobold.
The kobold is moderately wounded.
The kobold throws a stone.
The stone hits you.
You shoot a sling bullet.
The sling bullet barely misses the kobold.
The kobold throws a stone.
The stone barely misses you.
You shoot a sling bullet. The sling bullet hits the kobold.
You kill the kobold!
You have reached level 2!
Things that are here:
a +0 whip; 5 stones You pick up a book of Hexes and begin reading...
You add the spell Discord to your library.
You see here a frilled lizard corpse.
There is an open door here.
You see here 4 stones.
A giant cockroach comes into view.
You shoot a sling bullet.
The sling bullet hits the giant cockroach!
You kill the giant cockroach!
No target in view!
No target in view!
A bat and an endoplasm come into view.
You shoot a sling bullet. The sling bullet hits the endoplasm.
The endoplasm quivers.
The endoplasm is lightly wounded.
You shoot a sling bullet. The sling bullet hits the bat!
You kill the bat!
You shoot a sling bullet. The sling bullet hits the endoplasm.
The endoplasm is moderately wounded.
You shoot a sling bullet. The sling bullet hits the endoplasm.
The endoplasm is heavily wounded.
The endoplasm jiggles.
You shoot a sling bullet. The sling bullet hits the endoplasm.
You kill the endoplasm!
No target in view!
You now have 15 gold pieces.
You see here a bat corpse.
A goblin comes into view. It is wielding a +0 club.
A goblin is nearby!
You shoot a sling bullet.
The sling bullet hits the goblin but does no damage.
The goblin shouts!
You shoot a sling bullet. The sling bullet hits the goblin!
You kill the goblin!
No target in view!
No target in view!
Found a stone staircase leading down.
A bat comes into view.
You shoot a sling bullet. The sling bullet hits the bat.
The bat is moderately wounded.
You hear a shout!
A goblin comes into view. It is wielding a +0 club.
You shoot a sling bullet. The sling bullet hits the bat.
The bat is severely wounded.
The bat closely misses you.
You shoot a sling bullet.
The sling bullet completely misses the bat.
The bat misses you.
You shoot a sling bullet. The sling bullet hits the bat.
You kill the bat!
You shoot a sling bullet. The sling bullet hits the goblin.
The goblin is heavily wounded.
You shoot a sling bullet.
The sling bullet barely misses the goblin.
The goblin hits you but does no damage.
You shoot a sling bullet. The sling bullet hits the goblin.
You kill the goblin!
No target in view!
You see here a +0 club.
You now have 26 gold pieces (gained 11).
Found an escape hatch in the floor.
Found a robe.
A ball python comes into view.
You shoot a sling bullet. The sling bullet hits the ball python.
You kill the ball python!
No target in view!
No target in view!
You open the door.
There is an open door here.
A dart slug comes into view.
Found a book of Air.
You shoot a sling bullet. The sling bullet hits the dart slug.
The dart slug is heavily wounded.
You shoot a sling bullet. The sling bullet hits the dart slug.
The dart slug is heavily wounded.
You shoot a sling bullet. The sling bullet hits the dart slug!
You kill the dart slug!
Your Stealth skill increases to level 1!
No target in view!
No target in view!
You pick up a book of Air and begin reading...
You add the spells Shock, Swiftness and Airstrike to your library.
A quokka comes into view.
Found a stone staircase leading down.
You shoot a sling bullet. The sling bullet hits the quokka.
You kill the quokka!
No target in view!
No target in view!
A ball python comes into view.
The ball python hisses angrily.
You hear a shout!
You shoot a sling bullet. The sling bullet hits the ball python.
The ball python is moderately wounded.
A goblin comes into view. It is wielding a +0 dagger.
You shoot a sling bullet. The sling bullet hits the ball python.
The ball python is severely wounded.
You shoot a sling bullet. The sling bullet hits the ball python.
You kill the ball python!
You shoot a sling bullet. The sling bullet hits the goblin.
The goblin is severely wounded.
You shoot a sling bullet.
The sling bullet barely misses the goblin.
You shoot a sling bullet.
The sling bullet barely misses the goblin.
The goblin closely misses you.
You shoot a sling bullet. The sling bullet hits the goblin!
You kill the goblin!
No target in view!
No target in view!
Things that are here:
a +0 dagger; a goblin corpse
h - a +0 dagger A goblin comes into view.
It is wielding a +0 club.
You shoot a sling bullet. The sling bullet hits the goblin!
You kill the goblin!
No target in view!
No target in view!
A rat comes into view.
You shoot a sling bullet. The sling bullet barely misses the rat.
A rat comes into view.
You shoot a sling bullet. The sling bullet hits the rat.
You kill the rat!
You shoot a sling bullet. The sling bullet hits the rat!
You kill the rat!
No target in view!
No target in view!
You now have 34 gold pieces (gained 8).
i - a ring of ice A bat comes into view.
The bat moves out of view.
No target in view!
You shoot a sling bullet. The sling bullet barely misses the bat.
You shoot a sling bullet. The sling bullet hits the bat.
The bat is moderately wounded.
The bat hits you but does no damage.
You shoot a sling bullet. The sling bullet misses the bat.
The bat hits you but does no damage.
You shoot a sling bullet.
The sling bullet closely misses the bat.
The bat hits you.
You shoot a sling bullet. The sling bullet barely misses the bat.
The bat hits you.
You shoot a sling bullet. The sling bullet barely misses the bat.
The bat closely misses you.
You shoot a sling bullet. The sling bullet hits the bat.
You kill the bat!
No target in view!
You see here a bat corpse.
There is an escape hatch in the floor here.
An endoplasm comes into view.
You shoot a sling bullet. The sling bullet hits the endoplasm.
The endoplasm quivers.
The endoplasm is heavily wounded.
You shoot a sling bullet. The sling bullet hits the endoplasm.
You kill the endoplasm!
No target in view!
No target in view!
You now have 35 gold pieces (gained 1).
A frilled lizard comes into view.
You shoot a sling bullet.
The sling bullet hits the frilled lizard.
You kill the frilled lizard!
No target in view!
No target in view!
A rat comes into view.
You shoot a sling bullet. The sling bullet hits the rat.
You kill the rat!
No target in view!
No target in view!
Found a leather armour.
A frilled lizard comes into view.
You shoot a sling bullet.
The sling bullet hits the frilled lizard.
You kill the frilled lizard!
You have reached level 3!
Your experience leads to a dramatic increase in your attributes!
Increase (S)trength, (I)ntelligence, or (D)exterity?
You feel agile. x4
You see here a +0 leather armour.
There is a stone staircase leading down here.
Found 5 stones.
You open the door.
A frilled lizard comes into view.
You shoot a sling bullet.
The sling bullet hits the frilled lizard!
You kill the frilled lizard!
No target in view!
No target in view!
Found a faded altar of an unknown god.
There is an open door here.
A kobold comes into view. It is wielding a +0 short sword.
You shoot a sling bullet. The sling bullet hits the kobold.
You kill the kobold!
No target in view!
No target in view!
No target in view!
You see here a +0 short sword.
j - a +0 short sword A bat comes into view.
You shoot a sling bullet. The sling bullet hits the bat.
The bat is severely wounded.
You shoot a sling bullet. The sling bullet barely misses the bat.
The bat barely misses you.
You shoot a sling bullet. The sling bullet hits the bat!
You kill the bat!
You see here a bat corpse.
You open the door.
A quokka comes into view.
You shoot a sling bullet.
The sling bullet closely misses the quokka.
You shoot a sling bullet.
The sling bullet closely misses the quokka.
The sling bullet hits the plant but does no damage.
The quokka barely misses you.
You shoot a sling bullet. The sling bullet hits the quokka.
You kill the quokka!
No target in view!
No target in view!
There is an open door, spattered with blood here.
You see here a quokka corpse.
There is an open door, spattered with blood here.
You see here a quokka corpse.
A ball python comes into view.
You shoot a sling bullet. The sling bullet hits the ball python.
The ball python hisses angrily.
The ball python is severely wounded.
A goblin comes into view. It is wielding a +0 club.
You shoot a sling bullet. The sling bullet hits the ball python!
You kill the ball python!
No target in view!
No target in view!
No target in view!
You shoot a sling bullet.
The sling bullet barely misses the goblin.
The goblin hits you with a +0 club.
You shoot a sling bullet.
The sling bullet barely misses the goblin.
The goblin barely misses you. The goblin hits you but does no damage.
You shoot a sling bullet. The sling bullet hits the goblin.
The goblin is heavily wounded.
The goblin completely misses you.
You shoot a sling bullet. The sling bullet hits the goblin!
You kill the goblin!
No target in view!
No target in view!
Things that are here:
a +0 club; a goblin corpse
Found a scale mail.
A quokka comes into view.
You shoot a sling bullet. The sling bullet hits the quokka.
The quokka is severely wounded.
You shoot a sling bullet. The sling bullet hits the quokka!
You kill the quokka!
No target in view!
No target in view!
No target in view!
You open the door.
A ball python comes into view.
There is an open door here.
You shoot a sling bullet. The sling bullet hits the ball python!
You kill the ball python!
No target in view!
No target in view!
g - 2 scrolls labelled FEPOCIMIRE (gained 1)
There is a stone staircase leading down here.
Done exploring.
Done exploring.
Search for what [? for help]? d:
There is a stone staircase leading down here.
You climb downwards.
Found 15 gold pieces.
There is a stone staircase leading up here.
You shoot a sling bullet. The sling bullet hits the jackal.
The jackal barks!
The jackal is moderately wounded.
You hear a bark!
A jackal comes into view.
The jackal moves out of view.
You shoot a sling bullet. The sling bullet hits the jackal.
You kill the jackal!
You hear a bark!
A jackal comes into view.
The jackal moves out of view.
You shoot a sling bullet.
The sling bullet barely misses the jackal.
A jackal comes into view.
You shoot a sling bullet. The sling bullet hits the jackal.
The jackal is almost dead.
The jackal closely misses you.
A quokka comes into view.
A rat comes into view.
You shoot a sling bullet.
The sling bullet closely misses the jackal.
The jackal closely misses you. The jackal barely misses you.
The jackal bites you but does no damage.
You shoot a sling bullet. The sling bullet hits the jackal.
You kill the jackal!
The jackal misses you. The jackal barely misses you.
You shoot a sling bullet.
The sling bullet closely misses the jackal.
You hear an angry hiss.
The jackal misses you. The jackal barely misses you. x2
You shoot a sling bullet.
The sling bullet hits the jackal but does no damage.
The jackal closely misses you. The jackal bites you. x2
You shoot a sling bullet. The sling bullet hits the jackal.
The jackal is almost dead.
The jackal bites you but does no damage.
The jackal bites you.
An iguana comes into view.
The jackal closely misses you.
The jackal bites you but does no damage.
The quokka completely misses you.
You shoot a sling bullet.
The sling bullet closely misses the jackal.
The jackal misses you. The jackal barely misses you. The quokka bites you.
The jackal misses you. The jackal barely misses you.
The jackal attacks as you move away! The jackal barely misses you.
The quokka bites you.
The jackal bites you but does no damage.
You shoot a sling bullet. The sling bullet hits the jackal.
You kill the jackal!
You hear a shout!
The jackal misses you.
You shoot a sling bullet.
The sling bullet barely misses the jackal.
The sling bullet hits the quokka.
You kill the quokka!
The jackal misses you.
You shoot a sling bullet.
The sling bullet hits the jackal but does no damage.
The jackal is almost dead.
The jackal misses you.
A goblin comes into view. It is wielding a +0 club.
The jackal closely misses you.
A rat comes into view.
An endoplasm comes into view.
You shoot a sling bullet.
The sling bullet closely misses the jackal.
The sling bullet hits the rat!
You kill the rat!
The jackal misses you. The jackal bites you.
You shoot a sling bullet.
The sling bullet closely misses the jackal.
The sling bullet hits the iguana.
The iguana is lightly wounded.
The jackal misses you. The rat barely misses you.
The endoplasm jiggles.
A frilled lizard comes into view.
The jackal bites you.
You shoot a sling bullet. The sling bullet hits the jackal.
You kill the jackal!
You hear a shout!
The rat completely misses you. The goblin hits you but does no damage.
The goblin closely misses you. The iguana bites you!
Ouch! That really hurt!
* * * LOW HITPOINT WARNING * * *
The rat bites you.
* * * LOW HITPOINT WARNING * * *
You are too injured to fight recklessly!
You are too injured to fight recklessly!
As you read the scroll labelled FEPOCIMIRE, it crumbles to dust.
It is a scroll of identify.
f - a scroll of noise The rat closely misses you.
A goblin comes into view. It is wielding a +0 dagger.
The iguana closely misses you. The goblin hits you but does no damage.
It was a potion of heal wounds.
You feel much better. The rat closely misses you. The iguana barely misses you.
The goblin hits you with a +0 club.
Okay, then.
j - a +0 short sword (weapon)
You hit the iguana but do no damage.
The iguana is lightly wounded.
The rat completely misses you. The goblin hits you but does no damage.
The iguana bites you!
You closely miss the iguana.
The iguana is lightly wounded.
The rat barely misses you. The goblin misses you. The iguana misses you.
You closely miss the iguana.
The iguana is lightly wounded.
The rat bites you. The iguana bites you!
You die...

Skill      XL: |  1  2 |
---------------+-------+-----
Fighting       | 1 |  1.6
Dodging        | 2 |  2.8
Stealth        | 1 |  1.2
Long Blades    | |  0.3
Ranged Weapons | |  1.7
Spellcasting   | |  1.0
Hexes          | |  2.6

Action                     || total
---------------------------++-------
  Melee: Short sword       ||     3
   Fire: Sling             ||   116
    Use: Scroll            ||     1
         Potion            ||     1
 Armour: Robe              ||    21
  Dodge: Dodged            ||    64

Levels and vault maps discovered:
D:1:      erik_arrival_blinker_ship, layout_basic,
          shapermc_ecumenical_altar_flowoftime
D:2:      layout_rooms, basic_altar, minmay_small_reverse_x

Notes
Turn   | Place    | Note
-------+----------+-------------------------------------------
     0 | D:1      | scionoferis the Demigod Hexslinger began the quest for the
                  | Orb.
     0 | D:1      | Reached XP level 1. HP: 15/15 MP: 4/4
    28 | D:1      | Reached skill level 1 in Fighting
    56 | D:1      | Reached skill level 2 in Dodging
   202 | D:1      | Reached XP level 2. HP: 22/23 MP: 5/5
   336 | D:1      | Reached skill level 1 in Stealth
   480 | D:1      | Reached XP level 3. HP: 28/28 MP: 6/6
   774 | D:2      | Slain by an iguana

Vanquished Creatures
  2 dart slugs (D:1)
  5 bats (D:1)
  2 endoplasms (D:1)
  2 giant cockroaches (D:1)
  5 goblins (D:1)
  4 jackals (D:2)
  5 quokkas (D:1 D:2)
  6 ball pythons (D:1)
  4 frilled lizards (D:1)
  2 kobolds (D:1)
  4 rats (D:1 D:2)
41 creatures vanquished.

Table legend: (Time is in decaauts)
 A = Elapsed time spent in this place.
 B = Non-inter-level travel time spent in this place.
 C = Inter-level travel time spent in this place.
 D = Time resting spent in this place.
 E = Time spent auto-exploring this place.
 F = Levels seen in this place.
 G = Mean time per level.
                   A        B        C        D        E       F      G
               +--------+--------+--------+--------+--------+-----+--------+
         Total |    809 |    802 |      7 |      0 |    584 |   2 |  404.5 |
       Dungeon |    809 |    802 |      7 |      0 |    584 |   2 |  404.5 |
               +--------+--------+--------+--------+--------+-----+--------+

Top non-repeatable levels by time:
     D:1: 781 daAuts
     D:2: 28 daAuts

Table legend:
 A = Non-vault XP
 B = Vault XP
 C = Vault XP percentage of total XP
 D = Non-vault monster count
 E = Vault monster count
 F = Vault count percentage of total count
                 A         B        C        D         E       F
            +---------+---------+-------+---------+---------+-------
      Total |      71 |       0 |   0.0 |      41 |       0 |   0.0
            +---------+---------+-------+---------+---------+-------
        D:1 |      60 |       0 |   0.0 |      35 |       0 |   0.0
        D:2 |      11 |       0 |   0.0 |       6 |       0 |   0.0
            +---------+---------+-------+---------+---------+-------
